 Dungeon Crawl Stone Soup version 0.30.1-4-g462c640d31 (webtiles) character file.

Game seed: 274031323835843142

44 Vahgon the Poker (level 3, -2/30 HPs)
             Began as a Merfolk Berserker on Aug 24, 2023.
             Was a Believer of Trog.
             Killed by nerve-wracking pain
             ... invoked by an orc priest
              (5 damage)
             ... on level 4 of the Dungeon on Aug 25, 2023.
             The game lasted 00:14:54 (1061 turns).

Vahgon the Poker (Merfolk Berserker)                Turns: 1061, Time: 00:14:54

Health: -2/30      AC:  3    Str: 19    XL:     3   Next: 62%
Magic:  3/3        EV: 12    Int:  6    God:    Trog [**....]
Gold:   96         SH:  0    Dex: 13    Spells: 2/2 levels left

rFire   . . .        a - +0 spear
rCold   . . .        (no shield)
rNeg    + . .        g - +0 leather armour
rPois   +            (no helmet)
rElec   .            (no cloak)
rCorr   .            (no gloves)
SInv    .            (no boots)
Will    .....        (no amulet)
Stlth   +            f - ring of poison resistance
HPRegen 0.25/turn    k - ring of positive energy
MPRegen 0.08/turn

%: no passive effects
@: no status effects
A: (nimble swimmer 2), mertail
a: Renounce Religion, Berserk, Trog's Hand


You were on level 4 of the Dungeon.
You worshipped Trog.
Trog was pleased with you.
You visited 1 branch of the dungeon, and saw 4 of its levels.

You collected 96 gold pieces.

Inventory:

Hand Weapons
 a - a +0 spear (weapon)
 d - a +0 club
 l - a +0 sling
 m - a +0 hand axe
Missiles
 c - 2 poisoned darts (quivered)
 j - 9 stones
Armour
 b - a +0 animal skin
 g - a +0 leather armour (worn)
Jewellery
 f - a ring of poison resistance (left hand)
 i - a ring of poison resistance
 k - a ring of positive energy (right hand)
Potions
 h - a potion of lignification {unknown}


   Skills:
 + Level 3.8 Fighting
 + Level 0.1 Maces & Flails
 + Level 4.9 Polearms
 + Level 1.5 Armour
 + Level 3.3 Dodging
 + Level 0.2 Stealth


You had 2 spell levels left.
You didn't know any spells.
Your spell library contained the following spells:

 Spells                   Type           Power      Damage    Failure   Level
 Sublimation of Blood     Necr           0%         N/A       65%         2
 Wereblood                Tmut           0%         N/A       65%         2
 Summon Hydra             Summ           0%         N/A       100%        7


Dungeon Overview and Level Annotations

Branches:
Dungeon (4/15)
 Temple: D:4-7

Altars:

Annotations:
D:3 1 runed translucent door, Gogs's ghost, amateur HOFi


Innate Abilities, Weirdness & Mutations

((You are very nimble when in or above water. (Stealth+, EV+, Speed+++)))
Your lower body shifts to a powerful aquatic tail in water.


Message History

Reach: a) +0 spear
Press: ? - help, Dir - move target, f/p - orc priest
Aim: an orc priest, wielding a +0 hand axe and wearing a +0 leather armour (about 37% to evade your +0 spear)
You reach to attack!
You completely miss the orc priest.
The orc priest invokes the aid of Beogh against you.
Beogh smites you!
* * * LOW HITPOINT WARNING * * *
It was a potion of curing.
You feel better.
You closely miss the orc priest. The orc priest closely misses you.
A hobgoblin comes into view.
You completely miss the orc priest.
The hobgoblin shouts!
The orc priest closely misses you.
You closely miss the orc priest.
You hit the orc priest but do no damage.
The orc priest hits you with a +0 hand axe.
* * * LOW HITPOINT WARNING * * *
The orc closely misses you.
A worm comes into view.
You closely miss the orc priest. The orc barely misses you.
The orc priest looks satisfied for a moment.
You hit the orc priest.
The orc priest is moderately wounded.
The orc priest misses you.
The teleport trap disappears.
The hobgoblin disappears!
The orc hits you with a +0 hand axe.
* * * LOW HITPOINT WARNING * * *
You hit the orc priest.
The orc priest is heavily wounded.
The orc priest looks braver for a moment.
The orc misses you.
You hit the orc priest.
The orc priest is severely wounded.
The orc closely misses you.
The orc priest hits you with a +0 hand axe.
* * * LOW HITPOINT WARNING * * *
You closely miss the orc priest.
The orc priest is severely wounded.
The orc priest invokes the aid of Beogh against you.
Pain shoots through your body!
You die...

... ....##......##.#.#≈
#...............##.#.#~
# .......#.......##...#≈
?. ...##.#.#..#..##...##
... #.#....##...........
....#.......#....##.....
....).......#....#......
#.............###.....
##...@...)....##......
#§.oo...###......##..
.).w........#...........
..!......#..............
......(..##.†..#..###...
.........#.....#####....
..............#.# ###..
.......#####..#.# ###
##....


You could see a worm, an orc priest and an orc.

Vanquished Creatures
  An adder (D:2)
  An ufetubus (D:4)
  2 orcs (D:4)
  3 ball pythons (D:4)
  3 endoplasms (D:2)
  3 giant cockroaches
  3 goblins
  2 hobgoblins
  2 quokkas
  A bat (D:1)
  A frilled lizard (D:1)
  A kobold (D:2)
  2 rats (D:2)
25 creatures vanquished.

Vanquished Creatures (others)
  A rat (D:2)
1 creature vanquished.

Grand Total: 26 creatures vanquished

Notes
Turn   | Place    | Note
-------+----------+-------------------------------------------
     0 | D:1      | Vahgon the Merfolk Berserker began the quest for the Orb.
     0 | D:1      | Reached XP level 1. HP: 18/18 MP: 1/1
   216 | D:2      | Reached XP level 2. HP: 24/24 MP: 2/2
   544 | D:2      | Reached XP level 3. HP: 30/30 MP: 3/3
   560 | D:2      | hi
   648 | D:3      | Found a runed translucent door.
   652 | D:3      | Noticed Gogs's ghost (amateur HOFi)
   762 | D:3      | You fall into a shaft and drop 1 floor!
   945 | D:4      | Reached ** piety under Trog
  1061 | D:4      | Killed from afar by an orc priest

Illustrated notes

###.####### #
##.#...... ...
..##.....# ...
#.......## ...
#...)..>.# .!.
...##..#...# #.#
....#..###.# ###..#
....#..# #.#####.>.#
....†..# #.....#@###
....#.####.........#
.........#.........#
......^............#
....####.#.........#
.... #...........#
.... ###.#########
... #..# ..# ##.#


Turn 560 on D:2: hi

Levels and vault maps discovered:
D:1:      amcnicky_arrival_feature_with_door, layout_basic, serial_shops,
          nicolae_shop_stone
D:2:      layout_rooms, uniq_crazy_yiuf_cottage
D:3:      layout_loops_ring, ebering_ghost_sewer_d, grunt_decor_fettered,
          nicolae_figureground_sparkle
D:4:      layout_cave_pools, minmay_temple_entry_butterflies,
          chequers_serial_rivers_room_b

Skill      XL: |  1  2 |
---------------+-------+-----
Dodging        | 3 |  3.3
Fighting       | |  3.8
Maces & Flails | |  0.1
Polearms       | |  4.9
Armour         | |  1.5
Stealth        | |  0.2

Action                     || total
---------------------------++-------
  Melee: Spear             ||    88
         Club              ||    31
         Punch             ||     4
    Use: Potion            ||     1
 Armour: Animal skin       ||    11
         Leather armour    ||    10
  Dodge: Dodged            ||    88
